 Dungeon Crawl Stone Soup version 0.22.1-1-ga44c0e5 (webtiles) character file.

78064 MalarOregon the Minotaur Blade (level 15, -4/126 HPs)
             Began as a Minotaur Berserker on Sept 23, 2018.
             Was a Priest of Trog.
             Slain by a sun demon (6 damage)
             ... summoned by an orc high priest
             ... on level 1 of the Orcish Mines.
             The game lasted 00:58:09 (22597 turns).

MalarOregon the Minotaur Blade (MiBe)              Turns: 22597, Time: 00:58:10

Health: -4/126     AC: 22    Str: 18    XL:     15   Next: 17%
Magic:  7/7        EV: 13    Int:  8    God:    Trog [***...]
Gold:   2177       SH:  0    Dex: 21    Spells: 14/14 levels left

rFire    + . .     SeeInvis .   a - +9 triple sword (antimagic)
rCold    + + .     Gourm    .   (shield currently unavailable)
rNeg     + . .     Faith    .   U - +4 plate armour {MR+}
rPois    +         Spirit   .   O - -2 hat of the Alchemist {rElec rPois rF+ rC+ rN+ MR+ rMut rCorr}
rElec    +         Reflect  .   H - +0 cloak
rCorr    +         Harm     .   b - +0 pair of gloves
rMut     +                      s - +2 pair of boots
MR       +++++                  L - amulet "Qamael" {rC+ Regen+ Str-5 Int+4 Dex+2}
Stlth    ..........             (no ring)
HPRegen  1.71/turn              l - +4 ring of dexterity
MPRegen  0.10/turn

@: about to teleport, regenerating
A: retaliatory headbutt, horns 2
a: Berserk, Trog's Hand, Renounce Religion


You were on level 1 of the Orcish Mines.
You worshipped Trog.
Trog was most pleased with you.
You were not hungry.

You visited 3 branches of the dungeon, and saw 19 of its levels.
You also visited: Labyrinth and Ice Cave.

You collected 2177 gold pieces.

Inventory:

Hand Weapons
 a - a +9 antimagic triple sword (weapon)
   (Trog gifted it to you on level 2 of the Lair of Beasts)
Missiles
 C - 20 poisoned javelins (quivered)
 E - 4 throwing nets {!f}
Armour
 b - a +0 pair of gloves (worn)
   (You found it on level 1 of the Dungeon)
 s - a +2 pair of boots (worn)
   (You found it on level 4 of the Dungeon)
 H - a +0 cloak (worn)
   (You took it off Crazy Yiuf on level 2 of the Dungeon)
 O - the -2 hat of the Alchemist (worn) {rElec rPois rF+ rC+ rN+ MR+ rMut rCorr}
   (You acquired it on level 2 of the Lair of Beasts)

   It protects you from fire.
   It protects you from cold.
   It insulates you from electricity.
   It protects you from poison.
   It protects you from negative energy.
   It affects your resistance to hostile enchantments.
   It provides partial protection from all sources of acid and corrosion.
   It protects you from mutation.
 U - a +4 plate armour of magic resistance (worn)
   (You took it off a minotaur in a labyrinth)
Jewellery
 l - a +4 ring of dexterity (right hand)
   (You found it in a labyrinth)
 L - the amulet "Qamael" (around neck) {rC+ Regen+ Str-5 Int+4 Dex+2}
   (You found it on level 2 of the Lair of Beasts)

   [amulet of regeneration]

   It affects your strength (-5).
   It affects your intelligence (+4).
   It affects your dexterity (+2).
   It protects you from cold.
   It increases your rate of regeneration.
 Z - the amulet of Hotteamu {Reflect *Drain rElec rPois Int+6 SH+2}
   (You found it in an ice cave)

   [amulet of reflection]

   It shields you and reflects attacks.
   It affects your intelligence (+6).
   It insulates you from electricity.
   It protects you from poison.
   It causes draining when unequipped.
   It affects your SH (+2).
Wands
 c - a wand of disintegration (10)
   (You found it on level 4 of the Lair of Beasts)
 d - a wand of iceblast (20)
   (You took it off a wight on level 9 of the Dungeon)
 t - a wand of flame (75)
   (You took it off an orc priest on level 8 of the Dungeon)
 u - a wand of paralysis (17)
   (You took it off Ijyb on level 3 of the Dungeon)
 v - a wand of digging (28)
   (You took it off Grum on level 8 of the Dungeon)
 x - a wand of acid (23)
   (You found it on level 9 of the Dungeon)
 B - a wand of polymorph (28)
   (You took it off a big kobold on level 9 of the Dungeon)
 M - a wand of scattershot (1)
   (You found it in an ice cave)
 T - a wand of enslavement (20)
   (You took it off Maurice on level 11 of the Dungeon)
Scrolls
 f - 7 scrolls of enchant weapon
 g - 7 scrolls of remove curse {@r2}
 i - 3 scrolls of teleportation {@r4}
 o - 3 scrolls of vulnerability {!r}
 y - 2 scrolls of fear
 z - 4 scrolls of identify {@r1}
 G - 4 scrolls of magic mapping
 I - a scroll of silence
 S - 2 scrolls of immolation {!r}
 W - 2 scrolls of fog
Potions
 h - 2 potions of agility
 k - 2 potions of ambrosia
 n - 7 potions of heal wounds {@q2}
 p - 3 potions of brilliance
 q - a potion of cancellation
 r - 7 potions of curing {@q1}
 w - 2 potions of might
 A - 2 potions of mutation {!q}
 D - 3 potions of flight
 J - 2 potions of lignification {!q}
 P - 3 potions of haste {@q3}
 X - a potion of invisibility
Miscellaneous
 Q - a phantom mirror
Comestibles
 e - 27 rations {!d}
 m - 18 chunks of flesh


   Skills:
 - Level 10.0 Fighting
 * Level 21.8 Long Blades
 - Level 10.0 Armour
 + Level 11.4 Dodging
 - Level 10.0 Evocations


You had 14 spell levels left.
You didn't know any spells.
Your spell library was empty.

Dungeon Overview and Level Annotations

Branches:
Dungeon (12/15)            Temple (0/1) D:4            Lair (6/6) D:10
 Shoals (0/4) Lair:4       Spider (0/4) Lair:4        Slime (0/5) Lair:5
    Orc (1/2) D:9

Altars:
Elyvilon
Gozag
Okawaru
Ru
Beogh

Shops:
D:6 (   D:7 (


Innate Abilities, Weirdness & Mutations

You reflexively headbutt those who attack you in melee.
You have a pair of horns on your head.


Message History

The orc warrior closely misses you. You furiously retaliate!
You headbutt the orc warrior.
The ynoxinul disappears in a puff of smoke!
The ufetubus disappears in a puff of smoke!
You see here a trident.
You slash the two-headed ogre! The two-headed ogre closely misses you.
You furiously retaliate!
You headbutt the two-headed ogre! The two-headed ogre barely misses you.
You barely miss the two-headed ogre. You slash the two-headed ogre!
You headbutt the two-headed ogre, but do no damage.
The two-headed ogre hits you with a giant spiked club!
* * * LOW HITPOINT WARNING * * *
The two-headed ogre hits you with a giant spiked club!
* * * LOW HITPOINT WARNING * * *
You slice the two-headed ogre!!
You kill the two-headed ogre!
Trog accepts your kill.
You closely miss the sun demon. The orange demon misses you.
The sun demon hits you but does no damage.
The orc high priest invokes the aid of Beogh against you.
Beogh smites you!
* * * LOW HITPOINT WARNING * * *
You hit the sun demon but do no damage. You headbutt the sun demon.
The sun demon closely misses you. The orange demon stings you from afar!
* * * LOW HITPOINT WARNING * * *
Really read
o - 3 scrolls of vulnerability {!r}? [Y]es or [N]o only, please.
Really read
o - 3 scrolls of vulnerability {!r}? [Y]es or [N]o only, please.
Really read
o - 3 scrolls of vulnerability {!r}?
Okay, then.
As you read the scroll of teleportation {@r4}, it crumbles to dust.
You feel strangely unstable. The sun demon misses you. You furiously retaliate!
You headbutt the sun demon, but do no damage.
You riposte.
You hit the sun demon. Your headbutt misses the sun demon.
The orange demon stings you but does no damage.
You closely miss the sun demon. The sun demon hits you!
* * * LOW HITPOINT WARNING * * *
You are engulfed in flames!
You resist.
* * * LOW HITPOINT WARNING * * *
The orange demon barely misses you.
The sun demon hits you but does no damage.
You barely miss the orc warrior. Your headbutt misses the orc warrior.
The orc warrior hits you with a long sword.
* * * LOW HITPOINT WARNING * * *
The sun demon hits you!
* * * LOW HITPOINT WARNING * * *
You are engulfed in flames.
You resist.
You die...

### ##.### ###....##
.###....# ..##....##
...#.....#
........#############
........###o.443@o..#
.#.#....##Ooo#####...#
##......##.§..# . ..#
##......##.#§4oOoo. .#
.#......##.##o8o8.# #
.#.....©##©#|)3oo..#
.#......##.##$8$8o##
##......##.# ....oo#
#.......##.. .#.#...


You could see an orc high priest, a two-headed ogre, a sun demon, an orange
demon, a hellwing, an orc sorcerer and 2 orc warriors.

Vanquished Creatures
  Rupert (Lair:3)
  A ghost moth (Lair:4)
  2 minotaurs
  Snorg (Lair:5)
  A fire dragon (Lair:6)
  An ice dragon (Lair:3)
  Erolcha (D:9)
  8 hydras
  Harold (D:11)
  A two-headed ogre (Orc:1)
  An orc high priest (Orc:1)
  Urug (D:11)
  An unseen horror (D:12)
  2 lindwurms
  An orc sorcerer (Orc:1)
  A cyclops (D:12)
  33 elephants
  3 centaur zombies
  6 black mambas
  An ice statue (IceCv)
  Maurice (D:11)
  2 molten gargoyles (Lair:6)
  5 spiny frogs
  20 komodo dragons
  3 rime drakes
  A kobold demonologist (D:9)
  5 trolls
  5 slime creatures (D:12)
  17 polar bears
  A raiju (D:11)
  4 dream sheep (Lair:6)
  A queen bee (Lair:2)
  21 blink frogs
  5 hippogriffs
  2 vampires
  4 wyverns
  29 yaks
  4 basilisks (Lair:6)
  2 wraiths
  Eustachio (D:5)
  Grum (D:8)
  A hungry ghost (Lab)
  8 vampire mosquitoes (D:12)
  Menkaure (D:6)
  4 wargs
  Edmund (D:5)
  12 water moccasins
  2 acid dragons (D:11)
  4 hell hounds (Lair:6)
  11 orc warriors
  8 porcupines
  5 sky beasts
  4 ice beasts
  4 black bears
  3 phantoms
  5 ogres
  An eye of draining (D:12)
  2 necrophages
  8 centaurs
  9 crocodiles
  37 wolves
  2 big kobolds
  A gnoll sergeant (D:8)
  13 bullfrogs
  An earth elemental (Lab)
  A wyvern skeleton (D:10)
  25 killer bees (Lair:2)
  3 wights (D:9)
  2 bullfrog zombies
  7 howler monkeys
  5 lava snakes (Lair:6)
  2 crimson imps
  5 hounds
  A quasit (D:12)
  A gnoll shaman (D:8)
  Crazy Yiuf (D:2)
  3 jellies
  2 bullfrog skeletons
  10 orc priests
  Ijyb (D:3)
  5 iguanas
  11 orc wizards
  12 worker ants
  5 hell rats (Lair:6)
  A hound zombie (D:7)
  2 hound skeletons
  A worker ant zombie (D:11)
  6 gnolls (D:8)
  A howler monkey zombie (D:9)
  14 adders
  3 shadow imps
  An adder zombie (D:9)
  2 adder skeletons
  5 dart slugs
  2 worms
  4 leopard geckos
  50 orcs
  2 ball pythons
  5 giant cockroaches
  7 goblins
  6 hobgoblins
  10 jackals
  5 kobolds
  4 quokkas
  7 bats
  6 frilled lizards
  A giant cockroach zombie (D:5)
  2 quokka skeletons
  4 rats
  2 fungi (D:2)
604 creatures vanquished.

Vanquished Creatures (collateral kills)
  A frost giant (IceCv)
  The ghost of MordorOrchid the Grappler, a journeyman TrWz of Makhleb (D:9)
  2 death yaks (IceCv)
  2 elephants (Lair:5)
  A kobold demonologist (D:9)
  6 polar bears (IceCv)
  A yak (IceCv)
  A water moccasin (Lair:6)
  2 wolves
  9 big kobolds (D:9)
  4 jellies (Lair:5)
30 creatures vanquished.

Vanquished Creatures (others)
  3 bushes
  16 fungi
  6 plants
25 creatures vanquished.

Grand Total: 659 creatures vanquished

Notes
Turn   | Place    | Note
-------+----------+-------------------------------------------
     0 | D:1      | MalarOregon the Minotaur Berserker began the quest for the
                  | Orb.
     0 | D:1      | Reached XP level 1. HP: 19/19 MP: 0/0
    63 | D:1      | Reached skill level 4 in Long Blades
   139 | D:1      | Reached XP level 2. HP: 23/26 MP: 1/1
   520 | D:1      | Found an iron altar of Okawaru.
   899 | D:2      | Reached skill level 5 in Long Blades
   909 | D:2      | Reached XP level 3. HP: 31/31 MP: 2/2
   913 | D:2      | Reached ** piety under Trog
  1429 | D:2      | Found a runed door.
  1433 | D:2      | Noticed Crazy Yiuf
  1437 | D:2      | Killed Crazy Yiuf
  1437 | D:2      | Reached XP level 4. HP: 39/39 MP: 3/3
  1608 | D:3      | Noticed Ijyb
  1617 | D:3      | Paralysed by Ijyb for 4 turns
  1626 | D:3      | Killed Ijyb
  1626 | D:3      | Reached skill level 6 in Long Blades
  1635 | D:3      | Reached XP level 5. HP: 45/45 MP: 4/4
  2077 | D:4      | Reached skill level 7 in Long Blades
  2149 | D:4      | Found a staircase to the Ecumenical Temple.
  2187 | D:4      | Noticed an ogre
  2192 | D:4      | Killed an ogre
  2192 | D:4      | Reached XP level 6. HP: 51/51 MP: 5/5
  2349 | D:4      | Reached *** piety under Trog
  2550 | D:4      | Reached skill level 8 in Long Blades
  2849 | D:5      | Entered Level 5 of the Dungeon
  2879 | D:5      | Reached XP level 7. HP: 30/57 MP: 6/6
  3044 | D:5      | Noticed Edmund
  3050 | D:5      | Reached skill level 5 in Dodging
  3071 | D:5      | Killed Edmund
  3071 | D:5      | Reached skill level 9 in Long Blades
  3630 | D:4      | Reached XP level 8. HP: 38/64 MP: 7/7
  3900 | D:5      | Reached skill level 10 in Long Blades
  4223 | D:5      | Noticed Eustachio
  4235 | D:5      | Killed Eustachio
  4412 | D:6      | Reached skill level 11 in Long Blades
  4417 | D:6      | Noticed Menkaure
  4838 | D:6      | Killed Menkaure
  4965 | D:6      | Reached **** piety under Trog
  5325 | D:6      | Found Ymoil's Antique Weapon Shop.
  5558 | D:6      | Reached XP level 9. HP: 64/70 MP: 8/8
  5588 | D:6      | Reached skill level 12 in Long Blades
  5902 | D:7      | Found Hefa's Weapon Shop.
  5922 | D:7      | Found an opulent altar of Gozag.
  6813 | D:8      | Reached ***** piety under Trog
  6815 | D:8      | Reached skill level 13 in Long Blades
  6871 | D:8      | Noticed a troll
  6880 | D:8      | Killed a troll
  6963 | D:8      | Found an iron altar of Okawaru.
  7049 | D:8      | Noticed Grum
  7068 | D:8      | Killed Grum
  7159 | D:8      | Reached XP level 10. HP: 46/77 MP: 9/9
  7174 | D:8      | Reached skill level 14 in Long Blades
  7898 | D:9      | Found a staircase to the Orcish Mines.
  7918 | D:9      | Reached skill level 15 in Long Blades
  7918 | D:9      | Reached skill level 10 in Dodging
  7976 | D:9      | Noticed Erolcha
  7996 | D:9      | Killed Erolcha
  8086 | D:9      | Found a white marble altar of Elyvilon.
  8149 | D:9      | Found a runed gate.
  8151 | D:9      | Found a runed gate.
  8151 | D:9      | Found a runed gate.
  8152 | D:9      | Noticed MordorOrchid's ghost (journeyman TrWz)
  8270 | D:9      | Reached skill level 16 in Long Blades
  8506 | D:9      | Killed MordorOrchid's ghost
  8506 | D:9      | Reached XP level 11. HP: 76/82 MP: 10/10
  8512 | D:9      | Received a gift from Trog
  8607 | D:10     | Entered Level 10 of the Dungeon
  8925 | D:10     | Found a staircase to the Lair.
  9308 | D:11     | Reached skill level 5 in Fighting
  9342 | D:11     | Noticed Maurice
  9351 | D:11     | Killed Maurice
  9351 | D:11     | Reached skill level 17 in Long Blades
  9397 | D:11     | Noticed Urug
  9423 | D:11     | Killed Urug
  9464 | D:11     | Noticed Harold
  9479 | D:11     | Killed Harold
  9537 | D:11     | Reached skill level 5 in Armour
  9627 | D:11     | Noticed Sonja
  9634 | D:11     | Noticed Sonja
  9634 | D:11     | Sonja changed into Sonja the raiju
  9645 | D:11     | Killed Sonja the raiju
 10882 | D:12     | Reached XP level 12. HP: 106/106 MP: 11/11
 10885 | D:12     | Received a gift from Trog
 11226 | D:12     | Reached skill level 10 in Fighting
 11427 | D:12     | Noticed a four-headed hydra
 11437 | D:12     | Killed a four-headed hydra
 12326 | Lair:1   | Entered Level 1 of the Lair of Beasts
 12326 | Lair:1   | Noticed a seven-headed hydra
 12332 | Lair:1   | Noticed a minotaur
 12332 | Lair:1   | a seven-headed hydra changed into a minotaur
 12340 | Lair:1   | Killed a minotaur
 12599 | Lair:1   | Reached skill level 1 in Evocations
 13010 | Lair:2   | Found a frozen archway.
 13017 | Lair:2   | Reached skill level 10 in Armour
 13158 | IceCv    | Entered an ice cave
 13294 | IceCv    | Reached skill level 18 in Long Blades
 13297 | IceCv    | Received a gift from Trog
 13635 | IceCv    | Got a slimy scimitar
 13636 | IceCv    | Identified the +6 scimitar "Lasmifui" {holy, rC++} (You
                  | found it in an ice cave)
 13779 | IceCv    | Reached XP level 13. HP: 65/113 MP: 13/15
 14145 | IceCv    | Noticed a frost giant
 14159 | IceCv    | Killed a frost giant
 14159 | IceCv    | Reached skill level 5 in Evocations
 14218 | IceCv    | Identified the Handbook of the Four Moons
 14221 | IceCv    | Got a coiled lead amulet
 14587 | Lair:2   | Identified a scroll of acquirement
 14588 | Lair:2   | Found the -2 hat of the Alchemist {rElec rPois rF+ rC+ rN+
                  | MR+ rMut rCorr}
 14668 | Lair:2   | Got a transparent tin amulet
 14887 | Lair:2   | Received a gift from Trog
 15057 | Lair:2   | Reached skill level 19 in Long Blades
 15963 | Lair:3   | Noticed Rupert
 15983 | Lair:3   | Killed Rupert
 16958 | Lair:4   | Killed a ghost moth
 17020 | Lair:4   | HP: 4/113 [blink frog (10)]
 17023 | Lair:4   | Reached XP level 14. HP: 7/121 MP: 6/19
 17706 | Lair:4   | Reached skill level 20 in Long Blades
 18034 | Lair:4   | Found a hole to the Spider Nest.
 18098 | Lair:4   | Found a sacrificial altar of Ru.
 18175 | Lair:4   | Found a staircase to the Shoals.
 18465 | Lair:5   | Received a gift from Trog
 18489 | Lair:5   | Found a labyrinth entrance.
 18498 | Lab      | Entered a labyrinth
 19061 | Lab      | Got a slimy marble ring
 19065 | Lab      | Identified the amulet of Hotteamu {Reflect *Drain rElec
                  | rPois Int+6 SH+2} (You found it in an ice cave)
 19174 | Lair:5   | Noticed Snorg
 19187 | Lair:5   | Killed Snorg
 19200 | Lair:5   | HP: 1/121 [blink frog (7)]
 19239 | Lair:5   | Found a staircase to the Slime Pits.
 19952 | Lair:5   | Reached skill level 10 in Evocations
 20175 | Lair:6   | Entered Level 6 of the Lair of Beasts
 20723 | Lair:6   | Reached skill level 21 in Long Blades
 21196 | Lair:6   | Reached XP level 15. HP: 75/126 MP: 7/21
 21361 | Lair:6   | Found a large runed door.
 21361 | Lair:6   | Found a large runed door.
 21429 | Lair:6   | Identified the ring of the Scarab {rElec Int+4 Stlth+} (You
                  | found it in a labyrinth)
 21947 | Lair:6   | Identified the amulet "Qamael" {rC+ Regen+ Str-5 Int+4
                  | Dex+2} (You found it on level 2 of the Lair of Beasts)
 22153 | Orc:1    | Entered Level 1 of the Orcish Mines
 22387 | Orc:1    | Found a transporter.
 22421 | Orc:1    | Found a roughly hewn altar of Beogh.
 22575 | Orc:1    | Found a roughly hewn altar of Beogh.
 22597 | Orc:1    | HP: 2/126 [sun demon[an orc high priest] (9)]
 22597 | Orc:1    | Slain by a sun demon

Skill      XL: |  1  2  3  4  5  6  7  8  9 10 11 12 13 14 |
---------------+-------------------------------------------+-----
Long Blades    | 4 5 6 7 8 9 11 13 16 17 18 19 21 | 21.8
Dodging        | 3 4 5 7 9 10 11 | 11.4
Fighting       | 9 10 | 10.0
Armour         | 6 10 | 10.0
Evocations     | 4 8 10 | 10.0

Action                   |  1- 3 |  4- 6 |  7- 9 | 10-12 | 13-15 || total
-------------------------+-------+-------+-------+-------+-------++-------
Melee: Falchion          |    82 |   108 |   326 |   411 |       ||   927
       Headbutt          |    19 |    22 |    90 |   202 |   171 ||   504
       Great sword       |       |       |       |   151 |    43 ||   194
       Scimitar          |       |       |       |    51 |    63 ||   114
       Triple sword      |       |       |       |       |   425 ||   425
Throw: Tomahawk          |       |       |       |     3 |       ||     3
Invok: Berserk           |     1 |     2 |     4 |    11 |     2 ||    20
       Trog's Hand       |       |       |       |     1 |     8 ||     9
       Brothers in Arms  |       |       |       |     1 |     5 ||     6
Evoke: Wand              |       |       |       |    10 |    49 ||    59
  Use: Scroll            |       |       |       |    13 |    33 ||    46
 Stab: Distracted        |       |       |       |       |     2 ||     2
       Paralysed         |       |       |       |       |     3 ||     3
  Eat: Chunk             |     2 |     7 |    17 |    29 |    28 ||    83
       Ration            |       |       |       |     1 |     2 ||     3
Armor: Leather armour    |    17 |    25 |    39 |       |       ||    81
       Animal skin       |     1 |       |       |       |       ||     1
       Troll leather arm |       |       |     9 |    50 |       ||    59
       Acid dragon scale |       |       |       |    96 |   119 ||   215
       Plate armour      |       |       |       |       |   202 ||   202
Dodge: Dodged            |    46 |    74 |   156 |   417 |   586 ||  1279
       Rpst.: Falchion   |     7 |    21 |    39 |    49 |       ||   116
       Great sword       |       |       |       |    37 |    26 ||    63
       Scimitar          |       |       |       |    13 |     9 ||    22
       Triple sword      |       |       |       |       |    76 ||    76
